Unix NetHack Version 3.7.0-94 Work-in-progress - last build Dec 18 2023 00:11:04 (7e3deff068b9ef4f2ebb9a71ea0f5c4a3b578a14,branch:master). Game began 2023-12-20 23:20:48, ended 2023-12-20 23:28:49. Arasaka, chaotic male orcish Rogue ----- |...| -------------- #....| #-............| ###|...| #|.........>..| # |...| ------ #|....B@......| # |...| |....| #|.......o....| # |...| |....| ##|...._.....).| ## -.--- ###.....| # ------------|- ############### |.....# # ### ------# # # +....|# # # |....-# ### ------# # ### ###### |....| # # # -.---.----.- |.....#####--|-- # # |..........| |....| #|...| # # |..........| |....| #|..<| ## -----## |..........| ------ #|...| ####|...-# ------------ #----- ##############....| #########0 |...| ----- Arasaka the Cutpurse St:15 Dx:17 Co:14 In:13 Wi:9 Ch:8 Chaotic Dlvl:2 $:60 HP:0(28) Pw:10(10) AC:6 Xp:4/115 T:2467 Latest messages: You swap places with the peaceful homunculus. Where do you want to travel to? (For instructions type a '?') You climb up the stairs. You remember this level as s. You descend the stairs. You remember this level as v. There is an open door here. You see here 3 arrows. There is an open door here. You see here 3 arrows. You hear the footsteps of a guard on patrol. The newt bites! You kill the newt! You see here a newt corpse. D - a newt corpse. You climb up the stairs. You remember this level as s. Where do you want to travel to? (For instructions type a '?') What do you want to sacrifice? [D or ?*] Your sacrifice is consumed in a burst of flame! The grid bug bites! You get zapped! You kill the grid bug! You stop waiting. You see here an orcish dagger. The garter snake bites! You kill the garter snake! The garter snake bites! You hit the garter snake. You kill the garter snake! You stop waiting. The giant bat bites! You miss the giant bat. The giant bat bites! The giant bat bites! You hit the giant bat. The giant bat bites! The giant bat misses! You hit the giant bat. The giant bat bites! The giant bat bites! You miss the giant bat. The giant bat bites! The giant bat bites! You miss the giant bat. The giant bat bites! The giant bat bites! You die... Inventory: Coins ('$') $ - 60 gold pieces Weapons (')') r - a blessed +2 elven dagger b - 10 uncursed +0 orcish daggers (at the ready) a - an uncursed +0 orcish short sword (weapon in right hand) Armor ('[') w - an uncursed +0 pair of leather gloves (being worn) c - an uncursed +1 leather armor (being worn) Comestibles ('%') C - 2 uncursed carrots h - an uncursed cream pie x - 3 uncursed food rations s - an uncursed fortune cookie g - 2 uncursed tripe rations Scrolls ('?') A - an uncursed scroll of teleportation Spellbooks ('+') y - an uncursed spellbook of cancellation Potions ('!') v - 2 uncursed potions of healing u - a cursed potion of healing t - an uncursed potion of speed Wands ('/') m - an uncursed wand of cold (0:7) o - an uncursed wand of digging (0:7) Tools ('(') f - an empty uncursed sack l - an uncursed blindfold e - an uncursed lock pick z - an uncursed magic lamp Gems/Stones ('*') q - an uncursed worthless piece of white glass Arasaka the Rogue's attributes: Background: You were a Cutpurse, a level 4 male orcish Rogue. You were chaotic, on a mission for Kos who was opposed by Issek (lawful) and Mog (neutral). You were right-handed. You were in the Dungeons of Doom, on level 2. You entered the dungeon 2467 turns ago. It was nighttime. You had 115 experience points, 45 more were needed to attain level 5. Basics: You had 0 out of 28 hit points. You had all 10 energy points (spell power). Your armor class was 6. Your wallet contained 60 zorkmids. Autopickup was on for '$"?' plus thrown, with exceptions. Final Characteristics: Your strength was 15 (limit:18/50). Your dexterity was 17 (limit:18). Your constitution was 14 (limit:18). Your intelligence was 13 (limit:16). Your wisdom was 9 (limit:16). Your charisma was 8 (limit:16). Final Status: You weren't hungry. You were unencumbered. You were wielding a short sword. You had basic skill with short sword. Final Attributes: You were piously aligned. You were poison resistant. You had infravision. You were stealthy. You were warded. You are dead. Miscellaneous: You disabled loading of bones levels. Total elapsed playing time was 8 minutes. Major events: Turn 1: Arasaka the chaotic male orcish Rogue entered the dungeon 905: attained the rank of Cutpurse (level 3) 1336: entered the Gnomish Mines 2467: killed by a giant bat Vanquished creatures: a kobold shaman 2 orc zombies an iguana a gas spore 2 hobbits 3 garter snakes a gnome zombie 4 jackals a kobold a goblin 2 sewer rats 3 grid bugs 7 lichens a kobold zombie 8 newts 38 creatures vanquished. No species were genocided or became extinct. Voluntary challenges: You read items or engraved 5 times. You never engraved Elbereth. You never genocided any monsters. You never polymorphed an object. You never changed form. You used no wishes. Achievements: You attained the rank of Cutpurse. You entered a shop. You entered the Gnomish Mines. The Dungeons of Doom: levels 1 to 5 Level 1: A fountain. Level 2: "s" <- You were here. An altar to Kos. Final resting place for you, killed by a giant bat. Level 3: "v" A general store. Level 4: A potion shop, a fountain. Stairs down to The Gnomish Mines. Level 5: The Gnomish Mines: Level 5: Game over: ---------- / \ / REST \ / IN \ / PEACE \ / \ | Arasaka | | 60 Au | | killed by a | | giant bat | | | | | | 2023 | *| * * * | * _________)/\\_//(\/(/\)/\//\/|_)_______ Goodbye Arasaka the Rogue... You died in The Dungeons of Doom on dungeon level 2 with 754 points, and 60 pieces of gold, after 2467 moves. You were level 4 with a maximum of 28 hit points when you died.